 Dungeon Crawl Stone Soup version 0.15-a0-2130-g28e4b74 (webtiles) character file.

211454 Egon the Wrestler (level 18, -28/182 HPs)
             Began as a Troll Monk on July 16, 2014.
             Was the Champion of the Shining One.
             Annihilated by Polyphemus (42 damage)
             ... on Level 2 of the Shoals on July 17, 2014.
             The game lasted 02:49:12 (38087 turns).

Egon the Wrestler (Troll Monk)                     Turns: 38087, Time: 02:49:13

HP -28/182       AC  9     Str 24      XL: 18   Next: 21%
MP  25/25        EV 19     Int  6      God: the Shining One [******]
Gold 2783        SH 12     Dex 18      Spells:  0 memorised, 17 levels left

rFire  . . .     SeeInvis +       - Unarmed
rCold  + + .     Clarity  .     U - +1 robe of Wullurud {+Rage +Fly rElec rC+ SInv Stlth+}
rNeg   + + +     rCorr    .     D - +0 shield {reflect}
rPois  +         rRot     .     O - +1 hat
rElec  +         Spirit   .     v - +1 cloak {rPois}
SustAb .         Warding  +     (gloves unavailable)
rMut   .         Stasis   .     (boots unavailable)
Gourm  +                        x - amulet of warding
MR     +....                    a - ring of stealth
                                j - ring of protection from cold

@: glowing, somewhat resistant to hostile enchantments, unstealthy
A: unfitting armour, claws 3, talons 1, fast metabolism 3, gourmand,
regeneration 3, saprovore 2, shaggy fur 1, tough skin 2
a: Divine Shield, Cleansing Flame, Summon Divine Warrior, Renounce Religion,
Evoke Berserk Rage, Evoke Flight
}: 1/15 runes: gossamer


You were on level 2 of the Shoals.
You worshipped the Shining One.
The Shining One was exalted by your worship.
You were very full.

You visited 6 branches of the dungeon, and saw 35 of its levels.
You also visited: Bailey and Volcano.

You collected 3839 gold pieces.
You spent 1056 gold pieces at shops.

Inventory:

Armour
 l - a +0 cloak of darkness
 v - a +1 cloak of poison resistance (worn)
 D - a +0 shield of reflection (worn)
 O - a +1 hat (worn)
 U - the cursed +1 robe of Wullurud (worn) {+Rage +Fly rElec rC+ SInv Stlth+}
   (You bought it in a shop on level 7 of the Dungeon)

   It protects you from cold.
   It insulates you from electricity.
   It enhances your eyesight.
   It lets you fly.
   It lets you go berserk.
   It makes you more stealthy.
   It has a curse placed upon it.
Magical devices
 m - a wand of disintegration (11)
 E - a wand of polymorph (11)
 G - a wand of teleportation (8)
 L - a wand of fireball (2)
 Q - a wand of digging (16)
 T - a wand of cold (6)
Comestibles
 d - 25 bread rations
 g - 4 chunks of wind drake flesh
 r - 8 slices of pizza
 s - 7 beef jerkies
 A - 3 royal jellies
 F - 12 meat rations
 N - 14 fruits
Scrolls
 c - 5 scrolls of teleportation
 f - 4 scrolls of magic mapping
 h - 6 scrolls of enchant armour
 n - 3 scrolls of fog
 p - 2 scrolls of silence
 y - 2 scrolls of identify
 I - a scroll of recharging
 M - 2 scrolls of vulnerability
 P - 12 scrolls of remove curse
 V - 3 scrolls of fear
Jewellery
 a - a ring of stealth (right claw)
 i - an uncursed ring of teleportation
 j - a ring of protection from cold (left claw)
 o - an uncursed amulet of resist mutation
 x - an amulet of warding (around neck)
 z - an uncursed amulet of stasis
 W - an uncursed amulet of rage
 X - an uncursed ring of protection from cold
Potions
 e - 2 potions of agility
 k - a potion of haste
 q - a potion of cancellation
 t - 6 potions of curing
 u - 2 potions of mutation
 w - 2 potions of resistance
 B - a potion of flight
 H - 4 potions of might
 K - 4 potions of restore abilities
 R - a potion of porridge
 Z - a potion of heal wounds
Miscellaneous
 J - a disc of storms
 Y - a fan of gales
Rods
 b - a +5 lightning rod (13/13)
   (You found it on level 3 of the Orcish Mines)


   Skills:
 + Level 12.2 Fighting
 + Level 12.5 Dodging
 - Level 1.1 Stealth
 - Level 9.5 Shields
 + Level 21.3 Unarmed Combat
 - Level 8.0 Invocations
 - Level 5.0 Evocations


You had 17 spell levels left.
You didn't know any spells.

Dungeon Overview and Level Annotations

Branches:
Dungeon (15/15)            Temple (1/1) D:6             Orc (4/4) D:11
    Elf (0/3) Orc:3          Lair (8/8) D:10         Shoals (2/5) Lair:4
 Spider (5/5) Lair:3        Slime (0/6) Lair:6       Vaults (0/5) D:13
 Depths (0/5) D:15

Altars:
Ashenzari
Cheibriados
Dithmenos
Elyvilon
Fedhas
Gozag
Kikubaaqudgha
Makhleb
Nemelex Xobeh
Okawaru
Qazlal
Sif Muna
Trog
Vehumet
Xom
Yredelemnul
Zin
The Shining One
Beogh

Shops:
D:4 *   D:5 %[!   D:7 [   Orc:2 !   Orc:4 [:*(   Shoals:1 :

Annotations:
Shoals:2 Polyphemus


Innate Abilities, Weirdness & Mutations

You are too large for most types of armour.
You have claws for hands.
Your metabolism is lightning-fast.
You like to eat raw meat.
You regenerate.
You can eat rotten meat.
You are covered in fur (AC +1).
You have very tough skin (AC +2).
You have sharp toenails.


Message History

Polyphemus is almost dead.
Polyphemus barely misses you. Polyphemus hits you!!
* * * LOW HITPOINT WARNING * * *
You are too injured to fight recklessly!
Press: ? - help, v - describe, . - travel
Here: Polyphemus (almost dead, bleeding, haloed)
The floor, spattered with blood.
You scratch Polyphemus. You claw Polyphemus, but do no damage.
Polyphemus is almost dead.
You scratch Polyphemus but do no damage.
Your kick misses Polyphemus.
Polyphemus is almost dead.
Polyphemus hits you!!
* * * LOW HITPOINT WARNING * * *
Polyphemus hits you!
* * * LOW HITPOINT WARNING * * *
You claw Polyphemus! You claw Polyphemus, but do no damage.
Polyphemus is almost dead.
Polyphemus hits you!!!
You die...

≈..≈... ≈≈≈≈.........
≈≈≈≈≈..........
≈≈≈≈≈.≈≈≈≈≈...≈≈≈(.
#≈≈≈≈≈≈≈≈≈≈≈.≈.≈≈≈≈.≈
#≈≈≈≈≈≈≈≈≈≈≈.≈≈≈≈≈≈≈.
#≈≈≈≈≈≈≈..(..≈≈≈≈≈≈≈.
#≈≈≈≈≈≈≈.C#....≈≈≈≈≈≈. ≈≈≈
#≈≈≈≈≈≈≈.@##...≈≈≈≈≈≈≈...≈
#≈≈≈≈≈≈≈((.........≈≈≈.#..
#≈≈≈≈.<(...≈..............
#≈≈≈≈.......≈≈........≈≈≈.
#≈≈≈≈(#####...............
#≈≈≈..# #...............
#≈≈≈..#####...####.....#..
#≈≈≈...#....### #.....#..
#≈≈≈≈........# #........


You could see Polyphemus (bleeding).

Vanquished Creatures
  Nikola (Spider:4)
  Arachne (Spider:3)
  Rupert (Spider:4)
  A fire giant (D:15)
  Donald (Orc:3)
  Wiglaf (Spider:4)
  An orc warlord (Orc:4)
  Aizul (Spider:5)
  6 emperor scorpions
  5 ghost moths
  A stone giant (Orc:3)
  A dire elephant (Lair:8)
  Snorg (Lair:4)
  A vault guard (D:13)
  Fannar (Lair:4)
  Erica (Lair:4)
  2 tengu warriors (D:15)
  A deep troll shaman (Lair:8)
  The ghost of Somebody the Thaumaturge, a powerful DENe of Ashenzari (Volcano)
  8 death yaks
  An orc high priest (Orc:3)
  2 centaur warriors (D:15)
  Nergalle (Lair:4)
  4 catoblepae
  A skeletal warrior (D:10)
  2 sea snakes (Shoals:1)
  3 unseen horrors
  21 orb spiders
  A lindwurm (Volcano)
  Pikel (D:6)
  22 hill giants
  4 fauns (Shoals:1)
  4 cyclopes (Orc:3)
  3 griffons
  A water nymph (Shoals:2)
  30 wolf spiders
  9 red wasps
  2 orc sorcerers (Orc:4)
  8 orc knights
  5 moths of wrath
  A toenail golem (Volcano)
  2 manticores
  3 elephants (Lair:8)
  Maurice (D:8)
  A molten gargoyle (Volcano)
  11 spiny frogs
  6 torpor snails
  7 black mambas
  A mermaid (Shoals:1)
  4 gargoyles
  7 komodo dragons
  2 item mimics
  A feature mimic (D:13)
  An efreet (D:15)
  3 kobold demonologists
  16 demonic crawlers
  2 fire drakes
  4 red devils (D:15)
  A tengu conjurer (D:15)
  27 jumping spiders
  A jumping spider (shapeshifter) (D:13)
  5 merfolk (Shoals:1)
  3 wind drakes (Shoals:1)
  10 blink frogs
  A harpy skeleton (D:15)
  2 polar bears (Lair:8)
  3 two-headed ogres
  7 boulder beetles
  6 trolls
  5 ravens (D:15)
  A slime creature (D:13)
  A shadow (D:14)
  4 snapping turtles
  32 trapdoor spiders
  A spriggan (D:7)
  5 basilisks
  50 redbacks
  26 ugly things
  A griffon skeleton (D:15)
  2 wyverns
  2 wraiths (D:15)
  A water elemental (Shoals:1)
  A hungry ghost (D:10)
  2 hill giant zombies
  20 tarantellas
  A steam dragon (Lair:8)
  38 yaks
  A neqoxec (Orc:4)
  A hill giant skeleton (D:12)
  11 hippogriffs
  7 vampire mosquitoes
  A hydra simulacrum (D:15)
  10 wargs
  21 wolves
  A soldier ant (D:12)
  3 mottled dragons (D:13)
  4 ice beasts
  14 water moccasins
  43 orc warriors
  3 black bears
  21 spiders
  3 yellow wasps
  3 phantoms
  7 sky beasts
  6 porcupines
  4 orc zombies
  16 ogres
  A slave (D:6)
  11 centaurs
  14 crocodiles
  2 boring beetles
  6 brain worms
  Duvessa (D:7)
  21 giant frogs
  5 big kobolds
  A gnoll sergeant (D:9)
  10 scorpions
  A hippogriff zombie (D:11)
  An eye of draining (D:12)
  19 killer bees
  A cyclops skeleton (D:13)
  A hippogriff skeleton (D:10)
  17 wights
  2 crimson imps
  An electric eel (Spider:1)
  A troll skeleton (D:10)
  Dowan (D:7)
  7 hounds
  A goliath beetle (D:6)
  38 orc priests
  2 gnoll shamans (D:13)
  4 jellies
  2 quasits
  A black bear zombie (D:5)
  16 iguanas
  A kobold skeleton (D:14)
  3 centaur zombies
  40 orc wizards
  An iron imp (D:6)
  Natasha (twice) (D:6)
  7 worker ants
  A giant frog simulacrum (D:13)
  20 sheep
  A mottled dragon zombie (D:8)
  Ijyb (D:3)
  A big kobold skeleton (D:6)
  A mummy (D:7)
  16 gnolls
  22 green rats
  24 adders
  5 shadow imps
  4 giant mites
  7 orc skeletons (Orc:4)
  4 giant geckos
  An ooze (D:4)
  218 orcs
  A ball python (D:4)
  6 giant cockroaches
  16 hobgoblins
  28 kobolds
  9 quokkas
  30 bats
  4 giant newts
  16 goblins
  2 jackals (D:3)
  15 rats
  A rat skeleton (D:4)
  A spectral orc (Lair:4)
  A ballistomycete (D:9)
  A fungus (D:13)
  A plant (D:13)
1374 creatures vanquished.

Vanquished Creatures (others)
  A wolf spider (Spider:2)
  A fire vortex (Volcano)
  Natasha (D:6)
  A giant spore (D:9)
  6 fungi
  6 plants
16 creatures vanquished.

Grand Total: 1390 creatures vanquished

Notes
Turn   | Place    | Note
--------------------------------------------------------------
     0 | D:1      | Egon, the Troll Monk, began the quest for the Orb.
     0 | D:1      | Reached XP level 1. HP: 22/22 MP: 1/1
   107 | D:1      | Reached XP level 2. HP: 29/29 MP: 1/1
   662 | D:2      | Reached XP level 3. HP: 33/36 MP: 2/2
   739 | D:2      | Found an opulent altar of Gozag.
   739 | D:2      | Found a radiant altar of Vehumet.
  1431 | D:3      | Reached XP level 4. HP: 19/44 MP: 2/2
  1530 | D:3      | Noticed Ijyb
  1539 | D:3      | Killed Ijyb
  1581 | D:3      | Reached skill level 5 in Unarmed Combat
  1777 | D:3      | Reached XP level 5. HP: 53/53 MP: 2/2
  1793 | D:3      | Found a stormy altar of Qazlal.
  2063 | D:4      | Found Qorovubb's Assorted Antiques.
  2091 | D:4      | Bought a purple potion for 22 gold pieces
  2091 | D:4      | Bought a bubbling green potion for 22 gold pieces
  2155 | D:4      | Noticed an ogre
  2158 | D:4      | Killed an ogre
  2158 | D:4      | Reached XP level 6. HP: 41/61 MP: 3/3
  2332 | D:4      | Reached skill level 6 in Unarmed Combat
  2512 | D:5      | Entered Level 5 of the Dungeon
  2565 | D:5      | Reached XP level 7. HP: 68/68 MP: 3/3
  2566 | D:5      | Found Laewaec's Distillery.
  2573 | D:5      | Bought a potion of heal wounds for 42 gold pieces
  2573 | D:5      | Bought a potion of heal wounds for 42 gold pieces
  2649 | D:5      | Found Klasm's Food Boutique.
  2703 | D:5      | Found Qipt's Armour Shop.
  3255 | D:6      | Noticed Pikel
  3264 | D:6      | Killed Pikel
  3264 | D:6      | Reached skill level 7 in Unarmed Combat
  3264 | D:6      | Reached XP level 8. HP: 64/79 MP: 3/3
  3310 | D:6      | Reached skill level 5 in Dodging
  3310 | D:6      | Reached skill level 8 in Unarmed Combat
  3344 | D:6      | Reached skill level 5 in Fighting
  3411 | D:6      | Found a staircase to the Ecumenical Temple.
  3729 | Temple   | Entered the Ecumenical Temple
  4029 | D:6      | Noticed Natasha
  4046 | D:6      | Reached skill level 9 in Unarmed Combat
  4058 | D:6      | Killed Natasha
  4071 | D:6      | Reached XP level 9. HP: 77/88 MP: 4/4
  4177 | D:6      | Noticed Natasha
  4181 | D:6      | Killed Natasha
  4229 | D:6      | Found a snail-covered altar of Cheibriados.
  4277 | D:6      | Killed Natasha
  4462 | D:7      | Found Esofer's Armour Emporium.
  4480 | D:7      | Noticed Duvessa
  4505 | D:7      | Killed Duvessa
  4507 | D:7      | Noticed Dowan
  4544 | D:7      | Killed Dowan
  4984 | D:7      | Found a glowing golden altar of the Shining One.
  4985 | D:7      | Found a glowing silver altar of Zin.
  4987 | D:7      | Found an ancient bone altar of Kikubaaqudgha.
  4989 | D:7      | Found a basalt altar of Yredelemnul.
  4989 | D:7      | Found a sparkling altar of Nemelex Xobeh.
  5136 | D:7      | Reached skill level 10 in Unarmed Combat
  5314 | D:7      | Got a faintly glowing glaive
  5898 | D:8      | Found a shadowy altar of Dithmenos.
  6359 | D:8      | Noticed Maurice
  6385 | D:8      | Reached XP level 10. HP: 45/100 MP: 4/4
  6551 | D:8      | Killed Maurice
  6551 | D:8      | Reached skill level 11 in Unarmed Combat
  7155 | D:10     | Entered Level 10 of the Dungeon
  7376 | D:10     | Found a staircase to the Lair.
  7726 | D:10     | Reached skill level 12 in Unarmed Combat
  8088 | D:10     | Noticed an orc knight
  8091 | D:10     | Noticed a skeletal warrior
  8095 | D:10     | Killed an orc knight
  8159 | D:10     | Killed a skeletal warrior
  8159 | D:10     | Reached XP level 11. HP: 25/109 MP: 4/4
  8311 | D:10     | Killed an unseen horror
  8432 | D:10     | Noticed a hill giant
  8438 | D:10     | Killed a hill giant
  8563 | D:10     | Identified the Grimoire of Transformation
  9091 | Lair:1   | Entered Level 1 of the Lair of Beasts
  9142 | Lair:1   | Reached skill level 13 in Unarmed Combat
  9371 | Lair:4   | Noticed Snorg
  9381 | Lair:4   | Killed Snorg
  9449 | Lair:5   | Got a heavy robe
  9460 | Lair:5   | Identified the cursed -4 robe "Asazyawo" {Int+4 Slay+4 Stlth+ Curse} (You found it on level 5 of the Lair of Beasts)
  9603 | Lair:5   | Reached skill level 14 in Unarmed Combat
  9999 | Lair:6   | Found a staircase to the Slime Pits.
 10004 | Lair:6   | Upgraded the game from 0.15-a0-2123-gb18dd36 to 0.15-a0-2130-g28e4b74
 10207 | D:7      | Became a worshipper of the Shining One
 10207 | D:7      | Acquired the Shining One's first power
 10207 | D:7      | Acquired the Shining One's second power
 10546 | Lair:1   | Reached skill level 1 in Invocations
 10552 | Lair:1   | Reached skill level 15 in Unarmed Combat
 10888 | Lair:1   | Reached XP level 12. HP: 114/122 MP: 8/8
 11774 | Lair:2   | Reached skill level 16 in Unarmed Combat
 12120 | Lair:3   | Found a hole to the Spider Nest.
 12279 | Lair:3   | Reached skill level 17 in Unarmed Combat
 12900 | Lair:4   | Noticed Erica
 12909 | Lair:4   | Killed Erica
 12919 | Lair:4   | Reached skill level 5 in Invocations
 13181 | Lair:4   | Found a staircase to the Shoals.
 13195 | Lair:4   | Noticed Fannar
 13214 | Lair:4   | Killed Fannar
 13217 | Lair:4   | Noticed Nergalle
 13228 | Lair:4   | Killed Nergalle
 13252 | Lair:4   | Identified the +3 glaive of the Five Beggars {chop, rElec SInv} (You found it on level 7 of the Dungeon)
 14126 | Lair:6   | Reached XP level 13. HP: 128/128 MP: 17/17
 15212 | Lair:7   | Reached skill level 18 in Unarmed Combat
 15783 | Lair:8   | Entered Level 8 of the Lair of Beasts
 16579 | Lair:8   | Reached skill level 19 in Unarmed Combat
 16869 | Lair:8   | Identified a scroll of acquirement
 16901 | Lair:8   | Noticed a dire elephant
 16925 | Lair:8   | Killed a dire elephant
 17345 | D:10     | Noticed an unseen horror
 17345 | D:11     | Found a blossoming altar of Fedhas.
 17499 | D:11     | Reached XP level 14. HP: 131/137 MP: 21/21
 17580 | D:11     | Found a staircase to the Orcish Mines.
 18261 | Orc:1    | Entered Level 1 of the Orcish Mines
 18320 | Orc:1    | Found an iron altar of Okawaru.
 18603 | Orc:2    | Found a dark tunnel.
 18640 | Volcano  | Entered a volcano
 18685 | Volcano  | Acquired the Shining One's third power
 18766 | Volcano  | Noticed Somebody's ghost (powerful DENe)
 18768 | Volcano  | Killed Somebody's ghost
 18868 | Orc:2    | Found Wathaaq's Distillery.
 18871 | Orc:2    | Bought a potion of beneficial mutation for 420 gold pieces
 18872 | Orc:2    | Gained mutation: You have sharp toenails. [potion of beneficial mutation]
 18873 | Orc:2    | Gained mutation: You regenerate. [potion of beneficial mutation]
 19446 | Orc:2    | Found a roughly hewn altar of Beogh.
 20164 | Orc:3    | Found a staircase to the Elven Halls.
 20603 | Orc:3    | Got a pitted hunting sling
 20604 | Orc:3    | Identified the cursed -1 hunting sling of Wyrd {speed, -Tele SInv} (You took it off an orc on level 3 of the Orcish Mines)
 20608 | Orc:3    | Reached skill level 5 in Evocations
 20608 | Orc:3    | Reached XP level 15. HP: 146/146 MP: 22/22
 20803 | Orc:3    | Identified the Almanac of Nocuous Combat Magic
 21228 | Orc:4    | Entered Level 4 of the Orcish Mines
 21254 | Orc:4    | Noticed Donald
 21428 | Orc:3    | Killed Donald
 21611 | Orc:4    | Reached skill level 10 in Dodging
 21872 | Orc:4    | HP: 2/148 [orc knight/great sword (24)]
 22327 | Orc:4    | Acquired the Shining One's fourth power
 22804 | Orc:1    | Reached skill level 1 in Shields
 23450 | D:13     | Found a deep blue altar of Sif Muna.
 23683 | D:13     | Found a gate to the Vaults.
 24370 | D:13     | Reached skill level 5 in Shields
 24818 | D:14     | Reached XP level 16. HP: 157/157 MP: 23/23
 24867 | D:14     | Found a flagged portal.
 24877 | Bailey   | Entered a bailey
 25162 | Bailey   | Got a transparent cloak
 25166 | Bailey   | Identified the +1 cloak of the Leaf {SInv} (You found it in a bailey)
 25167 | Bailey   | Identified the Compendium of the Oath
 25683 | D:14     | Found a roughly hewn altar of Beogh.
 25819 | D:15     | Entered Level 15 of the Dungeon
 26333 | D:15     | Found a staircase to the Depths.
 27733 | Orc:4    | Found a roughly hewn altar of Beogh.
 27733 | Orc:4    | Paralysed by an orc sorcerer for 4 turns
 27790 | Orc:4    | Found Favonok's General Store.
 27839 | Orc:4    | Found Acasau's Antique Weapon Emporium.
 27866 | Orc:4    | Found Shryhepayxt's Book Emporium.
 28081 | Orc:4    | Found Lohapt's Antique Armour Emporium.
 28447 | Spider:1 | Entered Level 1 of the Spider Nest
 29318 | Spider:2 | Reached skill level 10 in Fighting
 29568 | D:7      | Bought the cursed +1 robe of Wullurud {+Rage +Fly rElec rC+ SInv Stlth+} for 508 gold pieces
 29933 | Spider:2 | Reached skill level 20 in Unarmed Combat
 30708 | Spider:3 | Noticed Arachne
 30719 | Spider:3 | HP: 7/158 [poisoned by Arachne]
 31013 | Spider:3 | Killed Arachne
 31486 | Spider:2 | Reached XP level 17. HP: 116/167 MP: 24/24
 31755 | Spider:3 | Noticed Mara
 31760 | Spider:3 | Noticed Egon's illusion
 32868 | Spider:4 | Noticed Nikola
 32892 | Spider:4 | Killed Nikola
 32935 | Spider:4 | Noticed Wiglaf
 32952 | Spider:4 | Killed Wiglaf
 33428 | Spider:4 | Noticed Rupert
 33439 | Spider:4 | Killed Rupert
 34065 | Spider:5 | Entered Level 5 of the Spider Nest
 34186 | Spider:5 | Noticed Aizul
 34203 | Spider:5 | Killed Aizul
 35814 | Spider:5 | Reached skill level 21 in Unarmed Combat
 36514 | Spider:4 | Reached XP level 18. HP: 95/182 MP: 3/25
 36784 | Spider:5 | Got a gossamer rune of Zot
 36981 | Shoals:1 | Entered Level 1 of the Shoals
 37433 | Shoals:1 | Found Leupn's Book Boutique.
 37910 | Shoals:2 | Noticed Polyphemus
 38087 | Shoals:2 | Annihilated by Polyphemus

Action                   |  1- 3 |  4- 6 |  7- 9 | 10-12 | 13-15 | 16-18 || total
-------------------------+-------+-------+-------+-------+-------+-------++-------
Melee: Unarmed           |    98 |   148 |   378 |   692 |   930 |  1381 ||  3627
       Rod               |       |       |       |       |   273 |    30 ||   303
Invok: Cleansing Flame   |       |       |       |       |     4 |     2 ||     6
 Abil: Evoke Flight      |       |       |       |       |       |     2 ||     2
Evoke: Wand              |       |       |     4 |     6 |    10 |     6 ||    26
       Rod               |       |       |       |       |       |    36 ||    36
  Use: Scroll            |       |       |    10 |    17 |    11 |    13 ||    51
       Potion            |       |       |     4 |     3 |     7 |    13 ||    27
 Stab: Sleeping          |     1 |     2 |     4 |     1 |       |     1 ||     9
       Distracted        |       |       |       |       |       |     1 ||     1
  Eat: Chunk             |    17 |    12 |    35 |    67 |   104 |   123 ||   358
